 Dungeon Crawl Stone Soup version 0.31.0-11-ge490571c62 (webtiles) character file.

Game seed: 1286752161791630837

1204 Amelense the Ruffian (level 8, -3/68 HPs)
             Began as a Troll Shapeshifter on Feb 7, 2024.
             Was an Initiate of the Shining One.
             Blown up by Pikel (13 damage)
             ... with a mindburst bolt
             ... on level 5 of the Dungeon.
             The game lasted 00:17:28 (3386 turns).

Amelense the Ruffian (Troll Shapeshifter)           Turns: 3386, Time: 00:17:28

Health: -3/68      AC:  4    Str: 25    XL:     8   Next: 21%
Magic:  7/7        EV: 13    Int:  6    God:    the Shining One [......]
Gold:   298        SH:  0    Dex:  9    Spells: 7/7 levels left

rFire   . .          .
                       - Unarmed
rCold   + . .        (shield currently unavailable)
rNeg    . . .        m - melded +2 animal skin
rPois   .            (helmet restricted)
rElec   .            g - +1 cloak
rCorr   .            (gloves unavailable)
SInv    .            (boots unavailable)
Will    .....        (no amulet)
Stlth   +            o - ring of protection from cold
HPRegen 1.11/turn    (no ring)
MPRegen 0.10/turn

%: no passive effects
@: flux-form, glowing
A: glow, contaminating, large, unfitting armour, claws 3, regeneration 1, shaggy
fur 1, tough skin 1
a: Begin Untransformation, Renounce Religion


You were on level 5 of the Dungeon.
You worshipped the Shining One.
The Shining One was noncommittal.
You were something dangerously unstable.
You visited 1 branch of the dungeon, and saw 6 of its levels.

You collected 298 gold pieces.

Inventory:

Armour
 e - a +0 robe
 g - a +1 cloak (worn)
 m - a +2 animal skin (melded)
 y - the +5 robe of Misfortune {Harm *Corrode *Slow EV+5}
   (You found it on level 4 of the Dungeon)

   EV+5:      It affects your evasion (+5).
   *Corrode:  It may corrode you when you take damage.
   *Slow:     It may slow you when you take damage.
   Harm:      It increases damage dealt and taken.
Magical Staves
 w - a staff of death
Jewellery
 o - a ring of protection from cold (left claw)
Talismans
 c - a beast talisman
 d - a flux talisman (active)
 z - a blade talisman
Wands
 A - a wand of flame (13)
Scrolls
 a - 2 scrolls of poison {unknown}
 f - 2 scrolls of fog
 h - 2 scrolls of enchant armour {unknown}
 j - a scroll of teleportation {unknown}
 l - a scroll of noise {unknown}
 n - 2 scrolls of identify {unknown}
 u - a scroll of vulnerability {unknown}
 v - 2 scrolls of silence
 x - a scroll of revelation {unknown}
 B - a scroll of brand weapon {unknown}
Potions
 b - a potion of lignification
 i - a potion of invisibility {unknown}
 k - a potion of mutation {unknown}
 p - 2 potions of curing {unknown}
 q - a potion of brilliance {unknown}
 r - a potion of enlightenment {unknown}
 s - a potion of degeneration {unknown}
 t - 2 potions of heal wounds


   Skills:
 + Level 0.7 Fighting
 - Level 1.5 Dodging
 + Level 7.6 Unarmed Combat
 * Level 7.0 Shapeshifting


You had 7 spell levels left.
You didn't know any spells.
Your spell library contained the following spells:

 Spells                   Type           Power      Damage    Failure   Level
 Hailstorm                Conj/Ice       0%         3d5       83%         3
 Inner Flame              Hex/Fire       0%         N/A       83%         3
 Summon Ice Beast         Ice/Summ       0%         N/A       83%         3
 Irradiate                Conj/Alch      0%         3d11      100%        5
 Sculpt Simulacrum        Ice/Alch       0%         N/A       100%        6
 Ignition                 Fire           0%         3d3       100%        8


Dungeon Overview and Level Annotations

Branches:
Dungeon (6/15)
 Temple: D:4-7

Altars:
Ashenzari
Gozag
Kikubaaqudgha
Trog
The Shining One

Annotations:
D:5 Pikel


Innate Abilities, Weirdness & Mutations

You are something dangerously unstable.
You glow with magical radiation, making you easy to see and hit.
Foes you strike become dangerously contaminated with magical radiation.
You are incapable of wielding weapons or throwing items.
You are too large for most types of armour.
You have claws for hands.
Your natural rate of healing is unusually fast.
You are covered in fur. (AC +1)
You have tough skin. (AC +1)


Message History

You scratch Pikel but do no damage.
Pikel glows dangerously bright.
Pikel is lightly wounded.
Pikel hits you with a +2 whip of flaming.
Pikel burns you.
You barely miss Pikel.
Pikel is lightly wounded.
The lemure hits you but does no damage.
Pikel zaps a wand.
Your mind is blasted!
* * * LOW HITPOINT WARNING * * *
Pikel attacks as he pursues you! Pikel misses you.
The lemure attacks as it pursues you! The lemure hits you but does no damage.
Pikel attacks as he pursues you! Pikel misses you.
It was a potion of heal wounds.
You feel much better.
The lemure stops glowing.
The lemure hits you but does no damage.
Pikel hits you with a +2 whip of flaming.
Pikel burns you.
As you read the scroll of fog, it dissolves into smoke.
The lemure hits you but does no damage. Pikel closely misses you.
You claw the lemure!
The lemure begins to glow.
The lemure is severely wounded.
The lemure closely misses you.
Pikel says, "I touched Geryon's horn once."
Pikel hits you with a +2 whip of flaming!
Pikel burns you.
You completely miss the lemure.
The lemure is severely wounded.
The lemure barely misses you.
You claw the lemure!
The lemure glows dangerously bright.
The lemure is almost dead.
Pikel hits you with a +2 whip of flaming!
Pikel burns you. The lemure hits you but does no damage.
You claw the lemure!
You kill the lemure!
That felt strangely unrewarding.
Pikel zaps a wand.
Your mind is blasted!
* * * LOW HITPOINT WARNING * * *
Pikel zaps a wand.
You struggle to resist.
Pikel stops glowing.
Pikel zaps a wand.
Your mind is blasted!
You die...
Pikel says, "Another soul for the market."

### ###.....##......
##.###..###..........
#....#...##..........
#....#..........)....
##.#....#.#.....##...
###.#...##............
#................#....
#...............##....
##...p.......##.#.....
#...............#..##.
#....K............##..
##......#.........##..
##...§§#.............
##.§.§§§§....#......
#.§.§§§§.........##
##§§§§§§......##...
#.§§§#§......##...


You could see Pikel.

Vanquished Creatures
  Edmund (D:5)
  2 ice beasts
  A black bear (D:5)
  2 lemures
  3 scorpions
  A gnoll sergeant (D:5)
  2 bombardier beetles
  A jelly (D:5)
  An orc priest (D:3)
  A gnoll bouda (D:4)
  3 hounds
  2 iguanas
  3 orc wizards (D:4)
  A sleepcap (D:5)
  Robin (D:2)
  4 adders
  3 gnolls (D:5)
  A shadow imp (D:5)
  A white imp (D:4)
  2 ufetubi (D:5)
  3 dart slugs
  9 orcs
  2 ball pythons (D:4)
  3 bats
  4 endoplasms
  2 giant cockroaches
  16 goblins
  11 hobgoblins
  3 jackals (D:5)
  6 kobolds
  A quokka (D:3)
  2 frilled lizards (D:3)
  2 rats (D:2)
100 creatures vanquished.

Vanquished Creatures (others)
  An arcanist (D:4)
1 creature vanquished.

Grand Total: 101 creatures vanquished

Notes
Turn   | Place    | Note
-------+----------+-------------------------------------------
     0 | D:1      | Amelense the Troll Shapeshifter began the quest for the
                  | Orb.
     0 | D:1      | Reached XP level 1. HP: 18/18 MP: 0/0
    95 | D:2      | Reached XP level 2. HP: 8/26 MP: 1/1
   358 | D:2      | Found a faded altar of an unknown god.
   547 | D:2      | Reached XP level 3. HP: 32/32 MP: 2/2
   732 | D:2      | Noticed Robin
   766 | D:2      | Killed Robin
   934 | D:3      | Found an ancient bone altar of Kikubaaqudgha.
   989 | D:3      | Reached XP level 4. HP: 40/40 MP: 3/3
  1005 | D:3      | Found an opulent altar of Gozag.
  1163 | D:3      | Found a broken altar of Ashenzari.
  1209 | D:3      | Reached skill level 5 in Unarmed Combat
  1209 | D:3      | Reached XP level 5. HP: 43/46 MP: 4/4
  1702 | D:4      | Noticed an ice beast
  1712 | D:4      | Killed an ice beast
  1841 | D:4      | Reached XP level 6. HP: 41/54 MP: 5/5
  1894 | D:4      | Reached skill level 5 in Shapeshifting
  2468 | D:4      | Found the +5 robe of Misfortune {Harm *Corrode *Slow EV+5}
  2478 | D:4      | Reached XP level 7. HP: 61/61 MP: 6/6
  2503 | D:4      | Found a bloodstained altar of Trog.
  2506 | D:4      | Noticed a wizard
  2512 | D:4      | Killed a wizard
  2679 | D:5      | Entered Level 5 of the Dungeon
  2883 | D:5      | Noticed Edmund
  2893 | D:5      | Killed Edmund
  2918 | D:5      | Reached XP level 8. HP: 61/68 MP: 7/7
  2950 | D:5      | Found a glowing golden altar of the Shining One.
  2955 | D:5      | Became a worshipper of the Shining One
  3323 | D:6      | Noticed Pikel
  3378 | D:5      | HP: 2/68 [disintegration (21)]
  3386 | D:5      | Blown up by Pikel

Illustrated notes

Levels and vault maps discovered:
D:1:      amcnicky_arrival_gap_in_the_tavern_cellar, layout_loops_ring,
          minmay_pentomino_q2
D:2:      layout_basic, shapermc_ecumenical_altar_venn, dk_noncrumbling_4,
          skrybe_limestone_x, glass_columns_c, uniq_robin
D:3:      layout_basic, lemuel_tele_altar, mainiacjoe_overflow_surrounded_room,
          mainiacjoe_overflow_cross_hatched
D:4:      minmay_skewed_foursquare, layout_basic, trog_wizard, serial_glass,
          glass_columns_a, glass_columns_c, feat_on_display, feat_on_display
D:5:      layout_cave_pools, mainiacjoe_overflow_brackets, uniq_edmund
D:6:      nicolae_cairo_tiling_large_dashed, layout_rooms,
          mainiacjoe_overflow_boulevard, lemuel_crystal_altar,
          serial_bayou_ford_a, uniq_pikel

Skill      XL: |  1  2  3  4  5  6  7  8 |
---------------+-------------------------+-----
Unarmed Combat | 4 5 6 7 |  7.6
Shapeshifting  | 4 5 6 7 |  7.0
Fighting       | |  0.7
Dodging        | |  1.5

Action                     |  1- 3 |  4- 6 |  7- 9 || total
---------------------------+-------+-------+-------++-------
  Melee: Unarmed           |    69 |   127 |    87 ||   283
         Punch             |     1 |     2 |     5 ||     8
Ability: Begin Untransform |       |       |     1 ||     1
    Use: Scroll            |       |     1 |     2 ||     3
         Potion            |       |       |     1 ||     1
 Armour: Animal skin       |    17 |    85 |       ||   102
         Robe              |    52 |       |    61 ||   113
         Skin              |       |       |    23 ||    23
  Dodge: Dodged            |    36 |    57 |    87 ||   180
   Form: Beast             |     1 |     1 |       ||     2
                           |       |     1 |       ||     1
         Flux              |       |       |     2 ||     2
